 Dungeon Crawl Stone Soup version 0.31.0-11-ge490571c62 (webtiles) character file.

Game seed: 15665234355388454189

421 Buffagor the Martial Artist (level 6, -8/43 HPs)
             Began as a Merfolk Shapeshifter on Feb 10, 2024.
             Blown up by Ijyb (14 damage)
             ... with a mindburst bolt
             ... on level 3 of the Dungeon.
             The game lasted 00:06:26 (3236 turns).

Buffagor the Martial Artist (Merfolk Shapeshifter)  Turns: 3236, Time: 00:06:27

Health: -8/43      AC:  6    Str: 14    XL:     6   Next: 94%
Magic:  6/6        EV: 10    Int:  9    God:
Gold:   199        SH:  0    Dex: 16    Spells: 5/5 levels left

rFire   . . .        b - +0 sling
rCold   . . .        (no shield)
rNeg    . . .        g - +0 scale mail
rPois   .            (helmet currently unavailable)
rElec   .            (cloak currently unavailable)
rCorr   .            (gloves currently unavailable)
SInv    .            (boots currently unavailable)
Will    .....        (no amulet) Stlth
                     (no ring)
HPRegen 0.27/turn    (no ring)
MPRegen 0.10/turn

%: no passive effects
@: beast-form
A: beast (slay +2), (nimble swimmer 2), mertail
a: Begin Untransformation


You were on level 3 of the Dungeon.
You were a hulking beast.
You visited 1 branch of the dungeon, and saw 3 of its levels.

You collected 199 gold pieces.

Inventory:

Hand Weapons
 b - a +0 sling (weapon)
Missiles
 m - a throwing net
 s - 2 boomerangs
Armour
 g - a +0 scale mail (worn)
 l - a +0 helmet
Jewellery
 k - a +5 ring of evasion
 n - a ring of resist corrosion
 p - a ring of wizardry
Talismans
 c - a beast talisman
 d - a flux talisman
 i - a blade talisman
Wands
 o - a wand of iceblast (8)
Scrolls
 f - 3 scrolls of vulnerability {unknown}
 h - 3 scrolls of identify {unknown}
 j - a scroll of amnesia {unknown}
 q - a scroll of poison {unknown}
 t - 3 scrolls of enchant armour {unknown}
 w - a scroll of teleportation {unknown}
Potions
 a - 3 potions of magic {unknown}
 e - 2 potions of berserk rage {unknown}
 r - a potion of curing {unknown}
 u - a potion of enlightenment {unknown}
 v - 2 potions of lignification


   Skills:
 - Level 1.1 Fighting
 - Level 2.6 Dodging
 - Level 8.0 Unarmed Combat
 * Level 4.7 Shapeshifting


You had 5 spell levels left.
You didn't know any spells.
Your spell library contained the following spells:

 Spells                   Type           Power      Damage    Failure   Level
 Call Imp                 Summ           0%         N/A       95%         2
 Mercury Vapours          Alch/Air       0%         N/A       95%         2
 Sublimation of Blood     Necr           0%         N/A       95%         2
 Gell's Gravitas          Tloc           0%         N/A       99%         3
 Mephitic Cloud           Conj/Alch/Air  0%         N/A       99%         3
 Teleport Other           Tloc           0%         N/A       99%         3
 Freezing Cloud           Conj/Ice/Air   0%         6-21      100%        5
 Dispersal                Tloc           0%         N/A       100%        6
 Summon Hydra             Summ           0%         N/A       100%        7


Dungeon Overview and Level Annotations

Branches:
Dungeon (3/15)

Altars:
Hepliaklqana
Kikubaaqudgha
Vehumet

Annotations:
D:3 Ijyb


Innate Abilities, Weirdness & Mutations

You are a hulking beast.
Your limbs bulge with bestial killing power. (Slay +2)
((You are very nimble when in or above water. (Stealth+, EV+, Speed+++)))
Your lower body shifts to a powerful aquatic tail in water.


Message History

Press < or > to pray at altars.
There is an open door here.
Things that are here:
a +0 spear; a gnoll corpse
Things that are here:
a +0 club; a gnoll corpse You see here a +0 flail.
Things that are here:
a +0 club; a +0 ring mail; an orc skeleton You see here a bat skeleton.
Ijyb is nearby!
You are now empty-handed.
Ijyb shouts!
b - a +0 sling (weapon)
Ijyb screams, "It's all mine!"
You shoot a sling bullet. The sling bullet hits Ijyb.
Ijyb is moderately wounded.
You shoot a sling bullet. The sling bullet closely misses Ijyb.
Ijyb zaps a wand.
Your mind is blasted!
You are too injured to fight recklessly!
You are too injured to fight recklessly!
Fire: b) +0 sling
Press: ? - help, Q - select action, (/) - cycle Shift-Dir - straight line, f/p - Ijyb
Aim: Ijyb, wielding a +0 club, wearing a +0 ring mail and carrying a wand of mindburst (moderately wounded, 57% to hit)
You shoot a sling bullet. The sling bullet closely misses Ijyb.
Ijyb zaps a wand.
Your mind is blasted!
* * * LOW HITPOINT WARNING * * *
Fire: b) +0 sling
Press: ? - help, Q - select action, (/) - cycle Shift-Dir - straight line, f/p - Ijyb
Aim: Ijyb, wielding a +0 club, wearing a +0 ring mail and carrying a wand of mindburst (moderately wounded, 55% to hit)
You shoot a sling bullet. The sling bullet barely misses Ijyb.
Fire: b) +0 sling
Press: ? - help, Q - select action, (/) - cycle Shift-Dir - straight line, f/p - Ijyb
Aim: Ijyb, wielding a +0 club, wearing a +0 ring mail and carrying a wand of mindburst (moderately wounded, 57% to hit)
You shoot a sling bullet. The sling bullet hits Ijyb.
Ijyb is heavily wounded.
Ijyb zaps a wand.
Your mind is blasted!
* * * LOW HITPOINT WARNING * * *
Ijyb zaps a wand.
Your mind is blasted!
You die...

.......#.......#
##...###.......# #####
#.......# #.......# ###
## #.......# ... .#
#.......# .... .#
###.##..# ..... .#
##.###.######..... ##
###..# #..h.g....... #
#...## #####........
#######.###
#####..#......
รท.......#
##.....##.#.###
......######.........#.#
####...<...#...........#
###......#.............#
##..#....##.#..........#
##.##.........)........#


You could see Ijyb.

Vanquished Creatures
  Grinder (D:3)
  An orc priest (D:2)
  Natasha (thrice) (D:3)
  An orc wizard (D:2)
  3 gnolls (D:3)
  An adder (D:2)
  A dart slug (D:1)
  2 ribbon worms (D:2)
  8 orcs
  4 ball pythons
  7 endoplasms
  3 giant cockroaches
  6 goblins
  3 hobgoblins
  5 quokkas
  3 bats
  2 frilled lizards (D:3)
  6 kobolds
  A rat (D:2)
  A spectral kobold (D:2)
62 creatures vanquished.

Notes
Turn   | Place    | Note
-------+----------+-------------------------------------------
     0 | D:1      | Buffagor the Merfolk Shapeshifter began the quest for the
                  | Orb.
     0 | D:1      | Reached XP level 1. HP: 15/15 MP: 1/1
   249 | D:1      | Reached XP level 2. HP: 21/21 MP: 2/2
   361 | D:1      | Reached skill level 4 in Unarmed Combat
  1162 | D:2      | Reached XP level 3. HP: 25/26 MP: 3/3
  1381 | D:2      | Found a faded altar of an unknown god.
  1400 | D:2      | Reached skill level 5 in Unarmed Combat
  1628 | D:2      | Reached XP level 4. HP: 15/32 MP: 4/4
  2204 | D:3      | Noticed Ijyb
  2214 | D:2      | Reached skill level 6 in Unarmed Combat
  2391 | D:3      | Noticed Natasha
  2398 | D:3      | Killed Natasha
  2399 | D:3      | Reached XP level 5. HP: 30/37 MP: 5/5
  2451 | D:3      | Noticed Natasha
  2461 | D:3      | Killed Natasha
  2675 | D:3      | Noticed Natasha
  2682 | D:3      | Killed Natasha
  2901 | D:3      | Found a radiant altar of Vehumet.
  2908 | D:3      | Found an ancient bone altar of Kikubaaqudgha.
  2932 | D:3      | Noticed Grinder
  2941 | D:3      | Paralysed by Grinder for 3 turns
  2945 | D:3      | Killed Grinder
  2946 | D:3      | Reached skill level 8 in Unarmed Combat
  2946 | D:3      | Reached XP level 6. HP: 43/43 MP: 6/6
  2998 | D:3      | Found a faded altar of an unknown god.
  3158 | D:3      | Found a faded altar of an unknown god.
  3160 | D:3      | Found a hazy altar of Hepliaklqana.
  3236 | D:3      | Blown up by Ijyb

Illustrated notes

Levels and vault maps discovered:
D:1:      dpeg_arrival_circle_labyrinth_b, layout_loops_ring
D:2:      layout_basic, dreamdust_ecumenical_altar_drowned_temple
D:3:      layout_rooms, jmf_multi_god_temple2,
          nicolae_hepliaklqana_ecumenical_no_more,
          minmay_fractal_squares_diagonal_5, uniq_natasha, uniq_ijyb,
          uniq_grinder

Skill      XL: |  1  2  3  4  5 |
---------------+----------------+-----
Unarmed Combat | 4 5 6 8 |  8.0
Fighting       | |  1.1
Dodging        | |  2.6
Shapeshifting  | |  4.7

Action                     |  1- 3 |  4- 6 || total
---------------------------+-------+-------++-------
  Melee: Unarmed           |    73 |    53 ||   126
         Punch             |     2 |     5 ||     7
   Fire: Sling             |       |    41 ||    41
  Throw: Stone             |    12 |    33 ||    45
    Use: Potion            |       |     1 ||     1
 Armour: Scale mail        |    34 |    29 ||    63
         Skin              |       |     8 ||     8
  Dodge: Dodged            |    16 |    29 ||    45
